 Dungeon Crawl Stone Soup version 0.26.1-2-gb8aa6d0cf2 (webtiles) character file.

Game seed: 14455544346109401648

48 Bruh the Digger (level 3, 0/20 HPs)
             Began as a Gargoyle Earth Elementalist on Feb 26, 2021.
             Slain by a howler monkey (5 damage)
             ... on level 2 of the Dungeon on Feb 27, 2021.
             The game lasted 00:10:08 (1863 turns).

Bruh the Digger (Gargoyle Earth Elementalist)       Turns: 1863, Time: 00:10:08

Health: 0/20       AC:  8    Str: 12    XL:     3   Next: 72%
Magic:  6/6        EV: 10    Int: 21    God:
Gold:   138        SH:  0    Dex: 10    Spells: 5/6 levels left

rFire    . . .     SeeInvis .   h - +0 club
rCold    . . .     Faith    .   (no shield)
rNeg     + . .     Spirit   .   f - +0 ring mail (curse)
rPois    ∞         Reflect  .   (no helmet)
rElec    +         Harm     .   (no cloak)
rCorr    .         Rampage  .   (no gloves)
Will     .....                  (no boots)
Stlth    +.........             (no amulet)
HPRegen  0.06/turn              a - ring of wizardry
MPRegen  0.10/turn              s - +6 ring of intelligence

@: no status effects
A: negative energy resistance 1, electricity resistance, unbreathing,
petrification resistance, miasma immunity, AC +3
a: no special abilities


You were on level 2 of the Dungeon.
You visited 1 branch of the dungeon, and saw 2 of its levels.

You collected 138 gold pieces.

Inventory:

Hand Weapons
 d - a +0 dagger
 h - a +0 club (weapon)
 l - a +0 club
 q - a cursed -3 club
 r - a +0 battleaxe
 u - a +0 spear
Missiles
 b - 15 stones
 j - 17 bolts
Armour
 c - a +0 robe
 f - a cursed +0 ring mail (worn)
 m - a +0 chain mail
Jewellery
 a - a ring of wizardry (left hand)
 s - a +6 ring of intelligence (right hand)
Wands
 o - a wand of digging (3)
Scrolls
 g - 4 scrolls of remove curse {unknown}
 i - a scroll of noise {unknown}
 k - a scroll of identify {unknown}
 n - a scroll of fog {unknown}
Potions
 e - a potion of invisibility {unknown}
 p - 3 potions of heal wounds {unknown}
 t - 2 potions of flight {unknown}


   Skills:
 + Level 1.5 Fighting
 - Level 1.1 Maces & Flails
 - Level 1.5 Armour
 - Level 1.5 Dodging
 - Level 2.3 Stealth
 - Level 1.5 Shields
 - Level 2.0 Spellcasting
 - Level 0.7 Transmutations
 - Level 3.6 Earth Magic


You had 5 spell levels left.
You knew the following spells:

 Your Spells              Type           Power        Failure   Level
a - Sandblast             Erth           34%          3%          1

Your spell library contained the following spells:

 Spells                   Type           Power        Failure   Level
 Passwall                 Tmut/Erth      9%           9%          2
 Stone Arrow              Conj/Erth      18%          19%         3
 Petrify                  Tmut/Erth      11%          45%         4
 Lee's Rapid Deconstruct  Erth           8%           58%         5


Dungeon Overview and Level Annotations

Branches:
Dungeon (2/15)

Altars:
The Shining One


Innate Abilities, Weirdness & Mutations

You are resistant to torment.
Your stone body is resilient. (AC +3)
You are immune to poison.
You resist negative energy. (rN+)
You are resistant to electric shocks. (rElec)
You can survive without breathing.
You are immune to petrification.
You are immune to miasma.


Message History

The howler monkey hoots and howls with incredible vigour!
The howler monkey misses you.
The howler monkey hits you but does no damage.
The howler monkey hits you but does no damage.
The howler monkey hoots and howls with incredible vigour!
The howler monkey hits you but does no damage.
The howler monkey hits you. x2
The howler monkey hits you but does no damage.
The howler monkey hits you.
The howler monkey hits you but does no damage.
The howler monkey hits you. The howler monkey misses you.
The howler monkey hits you but does no damage.
The howler monkey hits you.
* * * LOW HITPOINT WARNING * * *
The howler monkey hits you but does no damage.
The howler monkey hoots and howls with incredible vigour!
The howler monkey closely misses you. The howler monkey barely misses you.
The howler monkey hits you.
You die...

.....#
.....########
..#
###..........
..#
##.########
#.# #......#
#.# ######.#
#.# #...# #.#
#.########h#
#.# #...##@#
#.###.#.##.#
#.....#....#
#######.####
#.# ###


You could see a howler monkey (catching breath).

Vanquished Creatures
  An ooze (D:2)
  2 worms (D:2)
  A dart slug (D:2)
  A leopard gecko (D:1)
  3 giant cockroaches
  5 hobgoblins
  2 jackals (D:2)
  6 bats
  6 goblins
  3 kobolds (D:1)
  2 rats (D:1)
32 creatures vanquished.

Vanquished Creatures (others)
  7 toadstools (D:1)
7 creatures vanquished.

Grand Total: 39 creatures vanquished

Notes
Turn   | Place    | Note
-------+----------+-------------------------------------------
     0 | D:1      | Bruh the Gargoyle Earth Elementalist began the quest for
                  | the Orb.
     0 | D:1      | Reached XP level 1. HP: 10/10 MP: 3/3
   306 | D:1      | Reached XP level 2. HP: 16/16 MP: 5/5
   549 | D:1      | Reached skill level 1 in Fighting
   568 | D:1      | Reached skill level 1 in Armour
   633 | D:1      | Reached skill level 1 in Shields
  1437 | D:2      | Reached XP level 3. HP: 20/20 MP: 3/6
  1591 | D:2      | Reached skill level 1 in Maces & Flails
  1706 | D:2      | Found a glowing golden altar of the Shining One.
  1863 | D:2      | Slain by a howler monkey

Illustrated notes

Levels and vault maps discovered:
D:1:      nagdon_arrival_double_spiral, layout_loops_ring
D:2:      minmay_diamond_boxcup, layout_basic, lemuel_crystal_altar,
          ashenzari_conservatory_becter, minmay_misc_feat_more_columns

Skill      XL: |  1  2  3 |
---------------+----------+-----
Fighting       | 1 |  1.5
Armour         | 1 |  1.5
Shields        | 1 |  1.5
Maces & Flails | 1 |  1.1
Dodging        | |  1.5
Stealth        | |  2.3
Spellcasting   | |  2.0
Transmutations | |  0.7
Earth Magic    | |  3.6

Action                   || total
-------------------------++-------
Melee: Dagger            ||    10
       Club              ||    82
       Unarmed           ||     1
 Cast: Sandblast         ||    24
 Stab: Sleeping          ||     1
Armor: Robe              ||     5
       Ring mail         ||    68
Dodge: Dodged            ||    65
